Oilers vs Jets (R1)

Created - December 29, 2021 at 19:14

Goals
1 2 3 T
Oilers 3 0 4 7
Jets 0 0 4 4
Shots
1 2 3 T
Oilers 11 13 11 35
Jets 10 6 10 26

1st period

1. Oilers , Brock McGinn 2 (Benoit Pouliot 4, Ryan O'Reilly 6) at 4:47 (PP)
2. Oilers , Taylor Hall 4 (Connor McDavid 3) at 9:27 (PP)
3. Oilers , Taylor Hall 5 (Jordan Eberle 5, Brock McGinn 2) at 14:10

Penalties :
Ryan Johansen (Win) for Tripping (Minor) at 4:36, Tyler Myers (Win) for Slashing (Minor) at 6:25, Ryan Johansen (Win) for Slashing (Minor) at 9:19

2nd period

No Goal

Penalties :
Ronalds Kenins (Win) for Holding (Minor) at 7:22

3rd period

4. Jets , Corey Perry 2 (Jake McCabe 2, Jean-Gabriel Pageau 2) at 7:34
5. Jets , Adam Henrique 12 (Ryan Johansen 11, Dougie Hamilton 5) at 8:35 (PP)
6. Jets , Nikolaj Ehlers 1 (Noel Acciari 4) at 10:40
7. Oilers , Benoit Pouliot 3 (Ryan O'Reilly 7) at 13:02
8. Oilers , Darnell Nurse 2 (Jordan Eberle 6, Connor McDavid 4) at 13:17
9. Oilers , Connor McDavid 4 (Rasmus Ristolainen 3) at 13:25
10. Oilers , Brock McGinn 3 (Darnell Nurse 1, Rasmus Ristolainen 4) at 15:24
11. Jets , Ryan Johansen 4 (Adam Henrique 3, Nino Niederreiter 9) at 17:42 (PP)

Penalties :
Taylor Hall (Edm) for Holding (Minor) at 0:59, Taylor Hall (Edm) for Hooking (Minor) at 3:39, Brock McGinn (Edm) for Tripping (Minor) at 8:23, Yanni Gourde (Edm) for Tripping (Minor) at 16:44

Goalie Stats

James Reimer (Edm), 22 saves from 26 shots - (0.846), W, 6-3-1, 60:00 minutes
Michal Neuvirth (Win), 28 saves from 35 shots - (0.800), L, 3-4-0, 60:00 minutes

Players Stats for Oilers

Player Name              G  A  P  +/- PIM S  H  SB GA TA FO     MP     PP MP  PK MP  
------------------------------------------------------------------------------------
Adam Larsson             0  0  0   0  0   2  3  1  0  1  0/0    20:57   1:32   2:16 
Anton Slepyshev          0  0  0   0  0   2  1  0  1  0  0/0     8:28   0:00   1:51 
Benoit Pouliot           1  1  2   1  0   3  1  0  1  1  0/1    17:55   2:10   1:31 
Brock McGinn             2  1  3   1  2   3  2  0  1  0  1/2    16:23   2:10   0:00 
Connor McDavid           1  2  3   2  0   4  3  0  0  0  18/41  23:18   2:07   2:31 
Darnell Nurse            1  1  2   1  0   3  2  1  0  1  0/0    27:46   2:45   2:52 
Duncan Keith             0  0  0   2  0   1  1  1  0  0  0/0    11:17   0:00   0:00 
Frederik Gauthier        0  0  0   0  0   0  0  0  0  0  1/1     8:11   0:00   1:34 
Jordan Eberle            0  2  2   2  0   0  3  1  2  0  2/2    21:14   2:07   0:00 
Kasperi Kapanen          0  0  0   0  0   2  2  0  0  0  0/0     6:37   0:00   0:00 
Leon Draisaitl           0  0  0   0  0   2  2  1  0  0  0/1    11:04   0:00   0:00 
Nail Yakupov             0  0  0   0  0   2  1  0  0  2  0/0    10:37   0:00   0:00 
Oscar Klefbom            0  0  0   2  0   0  0  1  0  0  0/0    11:17   0:00   0:00 
Rasmus Ristolainen       0  2  2   1  0   1  1  2  2  2  0/0    27:46   2:45   2:52 
Ryan O'Reilly            0  2  2   1  0   2  2  0  2  2  9/18   18:28   2:10   2:04 
Shea Weber               0  0  0   0  0   0  1  0  1  0  0/0    20:57   1:32   2:16 
Taylor Hall              2  0  2   2  4   5  4  1  0  0  0/0    21:57   2:07   0:45 
Yanni Gourde             0  0  0   0  2   3  1  1  0  0  0/3    10:36   0:00   0:00 

Players Stats for Jets

Player Name              G  A  P  +/- PIM S  H  SB GA TA FO     MP     PP MP  PK MP  
------------------------------------------------------------------------------------
Adam Henrique            1  1  2  -5  0   2  1  0  0  0  3/3    22:14   2:43   0:38 
Alexander Radulov        0  0  0   0  0   1  1  0  1  0  0/0    11:08   0:09   0:00 
Corey Perry              1  0  1   1  0   2  3  0  0  0  1/1    16:02   2:16   0:00 
Dougie Hamilton          0  1  1  -4  0   1  2  1  0  1  0/0    25:28   3:13   0:45 
Erik Haula               0  0  0   0  0   1  0  0  0  1  6/16   15:57   2:20   2:38 
Jake McCabe              0  1  1   0  0   1  0  1  0  1  0/0    20:18   2:57   0:00 
Jean-Gabriel Pageau      0  1  1   1  0   3  2  2  0  0  10/14  15:06   0:00   1:36 
Jordan Martinook         0  0  0   1  0   0  0  0  1  0  1/1     6:57   0:05   0:00 
Marco Scandella          0  0  0   0  0   2  1  0  0  3  0/0    21:35   1:55   2:46 
Marcus Johansson         0  0  0   1  0   2  0  0  1  1  0/0    16:02   2:16   0:00 
Michael Matheson         0  0  0   1  0   0  0  0  1  2  0/0    14:29   0:16   1:31 
Nikolaj Ehlers           1  0  1   1  0   2  0  0  1  0  0/0     7:44   0:17   0:00 
Nino Niederreiter        0  1  1  -5  0   3  3  0  2  0  1/2    22:28   2:35   1:00 
Noel Acciari             0  1  1   1  0   2  0  1  1  0  1/2     9:33   0:00   2:39 
Robert Hagg              0  0  0   1  0   1  0  0  0  1  0/0    14:55   0:00   2:46 
Ronalds Kenins           0  0  0   0  2   1  0  0  1  0  0/0    10:49   0:00   0:00 
Ryan Johansen            1  1  2  -5  4   2  4  0  0  0  15/30  21:37   2:43   0:03 
Tyler Myers              0  0  0  -4  2   0  2  3  0  0  0/0    23:17   1:55   0:46 

3 Stars

1 - Connor McDavid (Edm)
2 - Brock McGinn (Edm)
3 - Taylor Hall (Edm)

Power Play

Oilers - 2 on 4 Attempt(s) - 50.00%
Jets - 2 on 4 Attempt(s) - 50.00%

Penalty Kill

Oilers - 2 on 4 Attempt(s) - 50.00% - Score 0 goal in Penalty Kill
Jets - 2 on 4 Attempt(s) - 50.00% - Score 0 goal in Penalty Kill

Team Stat

Oilers - Hits : 30 - Faceoff Wins : 31 - Blocked Shots : 10 - Penalty Minutes : 8
Jets - Hits : 19 - Faceoff Wins : 38 - Blocked Shots : 8 - Penalty Minutes : 8

Official

Referees : Brian Pochmara and Francois St. Laurent
Linesman : Andrew Smith and Tony Sericolo

Game Notes

No Game Note

Finance

Level 1 -- Attendance: 5985 (99.75%) -- Ticket Income $598,500
Level 2 -- Attendance: 5000 (100.00%) -- Ticket Income $300,000
Level 3 -- Attendance: 2000 (100.00%) -- Ticket Income $70,000
Level 4 -- Attendance: 4000 (100.00%) -- Ticket Income $100,000
Luxury Box -- Attendance: 979 (97.90%) -- Ticket Income $195,800
Game was played at the Bell MTS Place.
Total Attendance: 17964 (99.80%)
Total Ticket Income: $1,264,300
Other Income: $189,645
Total Income: $1,453,945

Oilers

5 vs 5 Forward 
   Center                   Left Wing                Right Wing               Time % Phy DF OF 
 1 Connor McDavid           Taylor Hall              Jordan Eberle            40     1   2  2  
 2 Ryan O'Reilly            Benoit Pouliot           Brock McGinn             30     1   2  2  
 3 Yanni Gourde             Leon Draisaitl           Nail Yakupov             20     1   2  2  
 4 Frederik Gauthier        Anton Slepyshev          Kasperi Kapanen          10     1   2  2  

5 vs 5 Defense 
   Defense                  Defense                                           Time % Phy DF OF 
 1 Darnell Nurse            Rasmus Ristolainen                                40     1   2  2  
 2 Adam Larsson             Shea Weber                                        30     1   2  2  
 3 Oscar Klefbom            Duncan Keith                                      20     1   2  2  
 4 Darnell Nurse            Rasmus Ristolainen                                10     1   2  2  

PowerPlay Forward 
   Center                   Left Wing                Right Wing               Time % Phy DF OF 
 1 Connor McDavid           Taylor Hall              Jordan Eberle            60     1   2  2  
 2 Ryan O'Reilly            Benoit Pouliot           Brock McGinn             40     1   2  2  

PowerPlay Defense
   Defense                  Defense                                           Time % Phy DF OF 
 1 Darnell Nurse            Rasmus Ristolainen                                60     1   2  2  
 2 Adam Larsson             Shea Weber                                        40     1   2  2  

Penalty Kill 4 Players Forward 
   Center                   Wing                     Time % Phy DF OF 
 1 Connor McDavid           Taylor Hall              60     1   2  2  
 2 Ryan O'Reilly            Benoit Pouliot           40     1   2  2  

Penalty Kill 4 Players Defense
   Defense                  Defense                  Time % Phy DF OF 
 1 Darnell Nurse            Rasmus Ristolainen       60     1   2  2  
 2 Adam Larsson             Shea Weber               40     1   2  2  

Penalty Kill - 3 Players Forward 
   Forward                                           Time % Phy DF OF 
 1 Connor McDavid                                    60     1   2  2  
 2 Ryan O'Reilly                                     40     1   2  2  

Penalty Kill - 3 Players Defense
   Defense                  Defense                  Time % Phy DF OF 
 1 Darnell Nurse            Rasmus Ristolainen       60     1   2  2  
 2 Adam Larsson             Shea Weber               40     1   2  2  

4 vs 4 Forward 
   Center                   Wing                     Time % Phy DF OF 
 1 Connor McDavid           Taylor Hall              60     1   2  2  
 2 Ryan O'Reilly            Benoit Pouliot           40     1   2  2  

4 vs 4 Defense
   Defense                  Defense                  Time % Phy DF OF 
 1 Darnell Nurse            Rasmus Ristolainen       60     1   2  2  
 2 Adam Larsson             Shea Weber               40     1   2  2  

Last Minutes Offensive
   Center                   Left Wing                Right Wing               Defense                  Defense                  
   Connor McDavid           Taylor Hall              Jordan Eberle            Darnell Nurse            Rasmus Ristolainen       

Last Minutes Defensive
   Center                   Left Wing                Right Wing               Defense                  Defense                  
   Connor McDavid           Taylor Hall              Jordan Eberle            Darnell Nurse            Rasmus Ristolainen       

Goaltenders
Starting : James Reimer             
Backup : Jonas Hiller             

Extra Forwards
Normal : Ryan O'Reilly, Leon Draisaitl, Yanni Gourde - PP : Ryan O'Reilly, Leon Draisaitl - PK : Ryan O'Reilly
Extra Defensemen
Normal : Shea Weber, Oscar Klefbom, Duncan Keith - PP : Shea Weber - PK : Shea Weber, Oscar Klefbom
Penalty Shots
Taylor Hall, Jordan Eberle, Benoit Pouliot, Connor McDavid, Ryan O'Reilly

Scratches
Jordan Caron (Healthy), Tobias Enstrom (Healthy)

Jets

5 vs 5 Forward 
   Center                   Left Wing                Right Wing               Time % Phy DF OF 
 1 Ryan Johansen            Adam Henrique            Nino Niederreiter        40     1   2  2  
 2 Jean-Gabriel Pageau      Marcus Johansson         Corey Perry              30     1   2  2  
 3 Erik Haula               Ronalds Kenins           Alexander Radulov        20     1   2  2  
 4 Noel Acciari             Jordan Martinook         Nikolaj Ehlers           10     1   2  2  

5 vs 5 Defense 
   Defense                  Defense                                           Time % Phy DF OF 
 1 Dougie Hamilton          Tyler Myers                                       40     1   2  2  
 2 Jake McCabe              Marco Scandella                                   35     1   2  2  
 3 Michael Matheson         Robert Hagg                                       25     1   2  2  
 4 Dougie Hamilton          Jake McCabe                                       0      1   2  2  

PowerPlay Forward 
   Center                   Left Wing                Right Wing               Time % Phy DF OF 
 1 Ryan Johansen            Adam Henrique            Nino Niederreiter        60     1   0  4  
 2 Erik Haula               Marcus Johansson         Corey Perry              40     1   0  4  

PowerPlay Defense
   Defense                  Defense                                           Time % Phy DF OF 
 1 Dougie Hamilton          Jake McCabe                                       60     0   1  4  
 2 Tyler Myers              Marco Scandella                                   40     0   1  4  

Penalty Kill 4 Players Forward 
   Center                   Wing                     Time % Phy DF OF 
 1 Erik Haula               Noel Acciari             60     0   4  1  
 2 Jean-Gabriel Pageau      Nino Niederreiter        40     0   4  1  

Penalty Kill 4 Players Defense
   Defense                  Defense                  Time % Phy DF OF 
 1 Marco Scandella          Robert Hagg              60     0   4  1  
 2 Michael Matheson         Tyler Myers              40     0   4  1  

Penalty Kill - 3 Players Forward 
   Forward                                           Time % Phy DF OF 
 1 Erik Haula                                        60     0   4  1  
 2 Jean-Gabriel Pageau                               40     0   4  1  

Penalty Kill - 3 Players Defense
   Defense                  Defense                  Time % Phy DF OF 
 1 Marco Scandella          Tyler Myers              60     0   5  0  
 2 Robert Hagg              Michael Matheson         40     0   5  0  

4 vs 4 Forward 
   Center                   Wing                     Time % Phy DF OF 
 1 Ryan Johansen            Adam Henrique            60     1   2  2  
 2 Jean-Gabriel Pageau      Nino Niederreiter        40     1   2  2  

4 vs 4 Defense
   Defense                  Defense                  Time % Phy DF OF 
 1 Dougie Hamilton          Marco Scandella          60     1   2  2  
 2 Tyler Myers              Robert Hagg              40     1   2  2  

Last Minutes Offensive
   Center                   Left Wing                Right Wing               Defense                  Defense                  
   Ryan Johansen            Adam Henrique            Nino Niederreiter        Dougie Hamilton          Tyler Myers              

Last Minutes Defensive
   Center                   Left Wing                Right Wing               Defense                  Defense                  
   Erik Haula               Ronalds Kenins           Nino Niederreiter        Tyler Myers              Marco Scandella          

Goaltenders
Starting : Michal Neuvirth          
Backup : Jonathan Bernier         

Extra Forwards
Normal : Nikolaj Ehlers, Marcus Johansson, Erik Haula - PP : Nikolaj Ehlers, Erik Haula - PK : Ronalds Kenins
Extra Defensemen
Normal : Marco Scandella, Dougie Hamilton, Michael Matheson - PP : Michael Matheson - PK : Dougie Hamilton, Michael Matheson
Penalty Shots
Marcus Johansson, Corey Perry, Ryan Johansen, Erik Haula, Noel Acciari

Scratches
None


% Time on Ice - Oilers

Lines # - Real PCT - Wanted PCT - Time Play
Normal Forward
1 - 38% - 40% - 19:07
2 - 28% - 30% - 14:14
3 - 21% - 20% - 10:37
4 - 13% - 10% - 6:37
Normal Defense
1 - 39% - 40% - 19:49
2 - 34% - 30% - 17:09
3 - 22% - 20% - 11:17
4 - 5% - 10% - 2:20
PP Forward
1 - 49% - 60% - 2:07
2 - 51% - 40% - 2:10
PP Defense
1 - 64% - 60% - 2:45
2 - 36% - 40% - 1:32
PK Forward
1 - 92% - 60% - 4:43
2 - 8% - 40% - 0:25
PK Defense
1 - 56% - 60% - 2:52
2 - 44% - 40% - 2:16
PK3 Forward
1 - 0% - 60%
2 - 0% - 40%
PK3 Defense
1 - 0% - 60%
2 - 0% - 40%
44 Forward
1 - 0% - 60%
2 - 0% - 40%
44 Defense
1 - 0% - 60%
2 - 0% - 40%
Last Minute Offensive  - 0:00
Last Minute Defensive  - 0:00
Total
Forward - 60:00
Defense - 60:00

% Time on Ice - Jets

Lines # - Real PCT - Wanted PCT - Time Play
Normal Forward
1 - 37% - 40% - 18:55
2 - 28% - 30% - 14:00
3 - 21% - 20% - 10:48
4 - 14% - 10% - 6:52
Normal Defense
1 - 40% - 40% - 20:07
2 - 34% - 35% - 17:27
3 - 24% - 25% - 12:09
4 - 2% - 0% - 0:52
PP Forward
1 - 55% - 60% - 2:48
2 - 45% - 40% - 2:20
PP Defense
1 - 63% - 60% - 3:13
2 - 37% - 40% - 1:55
PK Forward
1 - 77% - 60% - 3:17
2 - 23% - 40% - 1:00
PK Defense
1 - 65% - 60% - 2:46
2 - 35% - 40% - 1:31
PK3 Forward
1 - 0% - 60%
2 - 0% - 40%
PK3 Defense
1 - 0% - 60%
2 - 0% - 40%
44 Forward
1 - 0% - 60%
2 - 0% - 40%
44 Defense
1 - 0% - 60%
2 - 0% - 40%
Last Minute Offensive  - 0:00
Last Minute Defensive  - 0:00
Total
Forward - 60:00
Defense - 60:00

Play-by-Play

1st period


0:01 of 1st period - Ryan Johansen wins face-off versus Connor McDavid in neutral zone.
0:26 of 1st period - Nino Niederreiter is hit by Yanni Gourde and loses puck.
0:39 of 1st period - Wrist shot by Yanni Gourde.
0:39 of 1st period - Stopped by Michal Neuvirth without a rebound.
0:40 of 1st period - Ryan O'Reilly wins face-off versus Jean-Gabriel Pageau in Jets zone.
0:41 of 1st period - Snap shot by Brock McGinn.
0:41 of 1st period - Shot Blocked by Jean-Gabriel Pageau.
0:43 of 1st period - Slapshot by Duncan Keith.
0:43 of 1st period - Stopped by Michal Neuvirth with a rebound.
0:45 of 1st period - Slapshot by Duncan Keith.
0:45 of 1st period - Shot Misses the Net.
1:03 of 1st period - Marco Scandella is hit by Brock McGinn and loses puck.
1:25 of 1st period - Off-side.
1:26 of 1st period - Connor McDavid wins face-off versus Erik Haula in neutral zone.
2:19 of 1st period - Snap shot by Yanni Gourde.
2:19 of 1st period - Stopped by Michal Neuvirth without a rebound.
2:20 of 1st period - Ryan Johansen wins face-off versus Yanni Gourde in Jets zone.
3:26 of 1st period - Marco Scandella is hit by Kasperi Kapanen and loses puck.
3:37 of 1st period - Snap shot by Kasperi Kapanen.
3:37 of 1st period - Shot Misses the Net.
3:53 of 1st period - Icing by Marco Scandella.
3:54 of 1st period - Ryan Johansen wins face-off versus Connor McDavid in Jets zone.
3:54 of 1st period - Ryan Johansen is hit by Darnell Nurse.
4:04 of 1st period - Robert Hagg is hit by Connor McDavid and loses puck.
4:36 of 1st period - Minor Penalty to Ryan Johansen for Tripping.
4:37 of 1st period - Ryan O'Reilly wins face-off versus Erik Haula in Jets zone.
4:47 of 1st period - Snap shot by Brock McGinn.
4:47 of 1st period - Goal by Brock McGinn - Oilers : 1 - Jets : 0.
4:48 of 1st period - Jean-Gabriel Pageau wins face-off versus Ryan O'Reilly in neutral zone.
4:51 of 1st period - Wrist shot by Corey Perry.
4:51 of 1st period - Shot Misses the Net.
6:01 of 1st period - Slapshot by Noel Acciari.
6:01 of 1st period - Stopped by James Reimer without a rebound.
6:02 of 1st period - Noel Acciari wins face-off versus Ryan O'Reilly in Oilers zone.
6:15 of 1st period - Snap shot by Benoit Pouliot.
6:15 of 1st period - Stopped by Michal Neuvirth with a rebound.
6:17 of 1st period - Snap shot by Brock McGinn.
6:17 of 1st period - Shot Blocked by Tyler Myers.
6:25 of 1st period - Minor Penalty to Tyler Myers for Slashing.
6:26 of 1st period - Erik Haula wins face-off versus Connor McDavid in Jets zone.
6:52 of 1st period - Darnell Nurse is hit by Jean-Gabriel Pageau and loses puck.
7:00 of 1st period - Icing by Ryan O'Reilly.
7:01 of 1st period - Ryan O'Reilly wins face-off versus Erik Haula in Oilers zone.
7:28 of 1st period - Dougie Hamilton is hit by Benoit Pouliot and loses puck.
7:45 of 1st period - Snap shot by Nino Niederreiter.
7:45 of 1st period - Stopped by James Reimer without a rebound.
7:46 of 1st period - Connor McDavid wins face-off versus Erik Haula in Oilers zone.
8:25 of 1st period - Penalty to Tyler Myers is over, Tyler Myers is back on ice.
8:53 of 1st period - Snap shot by Nino Niederreiter.
8:53 of 1st period - Stopped by James Reimer with a rebound.
8:55 of 1st period - Wrist shot by Nino Niederreiter.
8:55 of 1st period - Deflect By Adam Henrique.
8:55 of 1st period - Shot Blocked by Duncan Keith.
8:55 of 1st period - Puck is out of play.
8:56 of 1st period - Ryan Johansen wins face-off versus Connor McDavid in Oilers zone.
8:59 of 1st period - Snap shot by Nino Niederreiter.
8:59 of 1st period - Stopped by James Reimer with a rebound.
9:19 of 1st period - Minor Penalty to Ryan Johansen for Slashing.
9:20 of 1st period - Connor McDavid wins face-off versus Erik Haula in Jets zone.
9:21 of 1st period - Wrist shot by Taylor Hall.
9:21 of 1st period - Stopped by Michal Neuvirth without a rebound.
9:22 of 1st period - Erik Haula wins face-off versus Connor McDavid in Jets zone.
9:27 of 1st period - Snap shot by Taylor Hall.
9:27 of 1st period - Goal by Taylor Hall - Oilers : 2 - Jets : 0.
9:28 of 1st period - Jordan Eberle wins face-off versus Jean-Gabriel Pageau in neutral zone.
9:31 of 1st period - Wrist shot by Taylor Hall.
9:31 of 1st period - Shot Misses the Net.
9:59 of 1st period - Slapshot by Taylor Hall.
9:59 of 1st period - Shot Misses the Net.
10:24 of 1st period - Tyler Myers is hit by Adam Larsson and loses puck.
11:52 of 1st period - Wrist shot by Yanni Gourde.
11:52 of 1st period - Deflect By Nail Yakupov.
11:52 of 1st period - Stopped by Michal Neuvirth without a rebound.
11:53 of 1st period - Ryan Johansen wins face-off versus Connor McDavid in Jets zone.
12:06 of 1st period - Wrist shot by Ryan Johansen.
12:06 of 1st period - Shot Misses the Net.
12:08 of 1st period - Slapshot by Marco Scandella.
12:08 of 1st period - Stopped by James Reimer without a rebound.
12:09 of 1st period - Jean-Gabriel Pageau wins face-off versus Ryan O'Reilly in Oilers zone.
12:36 of 1st period - Ryan Johansen is hit by Jordan Eberle and loses puck.
12:45 of 1st period - Slapshot by Marco Scandella.
12:45 of 1st period - Deflect By Rasmus Ristolainen.
12:45 of 1st period - Stopped by James Reimer with a rebound.
13:01 of 1st period - Slapshot by Nino Niederreiter.
13:01 of 1st period - Shot Blocked by Adam Larsson.
13:23 of 1st period - Robert Hagg is hit by Kasperi Kapanen and loses puck.
14:10 of 1st period - Snap shot by Taylor Hall.
14:10 of 1st period - Goal by Taylor Hall - Oilers : 3 - Jets : 0.
14:11 of 1st period - Ryan Johansen wins face-off versus Connor McDavid in neutral zone.
14:16 of 1st period - Snap shot by Ryan Johansen.
14:16 of 1st period - Shot Misses the Net.
14:48 of 1st period - Icing by Rasmus Ristolainen.
14:49 of 1st period - Ryan O'Reilly wins face-off versus Erik Haula in Oilers zone.
15:06 of 1st period - Snap shot by Erik Haula.
15:06 of 1st period - Stopped by James Reimer without a rebound.
15:07 of 1st period - Connor McDavid wins face-off versus Ryan Johansen in Oilers zone.
15:28 of 1st period - Tyler Myers is hit by Adam Larsson and loses puck.
15:49 of 1st period - Slapshot by Shea Weber.
15:49 of 1st period - Deflect By Yanni Gourde.
15:49 of 1st period - Shot Misses the Net.
15:49 of 1st period - Puck is out of play.
15:50 of 1st period - Erik Haula wins face-off versus Ryan O'Reilly in Jets zone.
15:57 of 1st period - Wrist shot by Ronalds Kenins.
15:57 of 1st period - Stopped by James Reimer with a rebound.
16:07 of 1st period - Slapshot by Alexander Radulov.
16:07 of 1st period - Shot Misses the Net.
16:17 of 1st period - Marco Scandella is hit by Jordan Eberle and loses puck.
16:25 of 1st period - Icing by Robert Hagg.
16:26 of 1st period - Jean-Gabriel Pageau wins face-off versus Connor McDavid in Jets zone.
16:33 of 1st period - Snap shot by Taylor Hall.
16:33 of 1st period - Shot Misses the Net.
17:01 of 1st period - Slapshot by Adam Larsson.
17:01 of 1st period - Stopped by Michal Neuvirth without a rebound.
17:02 of 1st period - Ryan O'Reilly wins face-off versus Ryan Johansen in Jets zone.
17:13 of 1st period - Icing by Nino Niederreiter.
17:14 of 1st period - Ryan Johansen wins face-off versus Connor McDavid in Jets zone.
17:29 of 1st period - Backhand shot by Ryan Johansen.
17:29 of 1st period - Shot Blocked by Taylor Hall.
17:54 of 1st period - Icing by Dougie Hamilton.
17:55 of 1st period - Ryan O'Reilly wins face-off versus Ryan Johansen in Jets zone.
18:10 of 1st period - Wrist shot by Ryan O'Reilly.
18:10 of 1st period - Stopped by Michal Neuvirth without a rebound.
18:11 of 1st period - Jean-Gabriel Pageau wins face-off versus Yanni Gourde in Jets zone.
18:38 of 1st period - Marco Scandella is hit by Taylor Hall and loses puck.
19:03 of 1st period - Slapshot by Nikolaj Ehlers.
19:03 of 1st period - Stopped by James Reimer without a rebound.
19:04 of 1st period - Jean-Gabriel Pageau wins face-off versus Brock McGinn in Oilers zone.
19:07 of 1st period - Snap shot by Jean-Gabriel Pageau.
19:07 of 1st period - Shot Misses the Net.
19:13 of 1st period - Slapshot by Marcus Johansson.
19:13 of 1st period - Stopped by James Reimer without a rebound.
19:14 of 1st period - Jean-Gabriel Pageau wins face-off versus Connor McDavid in Oilers zone.
19:35 of 1st period - Slapshot by Jake McCabe.
19:35 of 1st period - Shot Blocked by Leon Draisaitl.
Goals for this period are 3 for Oilers vs 0 for Jets.
Shots for this period are 11 for Oilers vs 10 for Jets.

2nd period


0:01 of 2nd period - Adam Henrique wins face-off versus Connor McDavid in neutral zone.
0:26 of 2nd period - Ryan O'Reilly is hit by Alexander Radulov and loses puck.
0:59 of 2nd period - Backhand shot by Jean-Gabriel Pageau.
0:59 of 2nd period - Stopped by James Reimer with a rebound.
1:33 of 2nd period - Taylor Hall is hit by Ryan Johansen and loses puck.
1:54 of 2nd period - Erik Haula is hit by Ryan O'Reilly and loses puck.
1:59 of 2nd period - Snap shot by Ryan O'Reilly.
1:59 of 2nd period - Shot Hit the Post.
2:15 of 2nd period - Rasmus Ristolainen is hit by Tyler Myers and loses puck.
2:28 of 2nd period - Snap shot by Corey Perry.
2:28 of 2nd period - Deflect By Rasmus Ristolainen.
2:28 of 2nd period - Stopped by James Reimer with a rebound.
3:02 of 2nd period - Snap shot by Rasmus Ristolainen.
3:02 of 2nd period - Shot Misses the Net.
3:04 of 2nd period - Snap shot by Taylor Hall.
3:04 of 2nd period - Stopped by Michal Neuvirth with a rebound.
3:06 of 2nd period - Slapshot by Darnell Nurse.
3:06 of 2nd period - Stopped by Michal Neuvirth with a rebound.
3:10 of 2nd period - Slapshot by Connor McDavid.
3:10 of 2nd period - Shot Blocked by Dougie Hamilton.
3:12 of 2nd period - Snap shot by Connor McDavid.
3:12 of 2nd period - Shot Blocked by Tyler Myers.
3:30 of 2nd period - Dougie Hamilton is hit by Duncan Keith and loses puck.
4:49 of 2nd period - Snap shot by Alexander Radulov.
4:49 of 2nd period - Stopped by James Reimer without a rebound.
4:50 of 2nd period - Ryan O'Reilly wins face-off versus Erik Haula in Oilers zone.
5:13 of 2nd period - Snap shot by Ryan O'Reilly.
5:13 of 2nd period - Shot Misses the Net.
5:35 of 2nd period - Wrist shot by Benoit Pouliot.
5:35 of 2nd period - Shot Misses the Net.
5:37 of 2nd period - Wrist shot by Benoit Pouliot.
5:37 of 2nd period - Deflect By Brock McGinn.
5:37 of 2nd period - Stopped by Michal Neuvirth without a rebound.
5:38 of 2nd period - Connor McDavid wins face-off versus Ryan Johansen in Jets zone.
5:39 of 2nd period - Slapshot by Taylor Hall.
5:39 of 2nd period - Shot Misses the Net.
6:57 of 2nd period - Wrist shot by Nino Niederreiter.
6:57 of 2nd period - Shot Misses the Net.
7:15 of 2nd period - Icing by Ryan O'Reilly.
7:16 of 2nd period - Erik Haula wins face-off versus Ryan O'Reilly in Oilers zone.
7:22 of 2nd period - Minor Penalty to Ronalds Kenins for Holding.
7:23 of 2nd period - Connor McDavid wins face-off versus Erik Haula in Jets zone.
7:26 of 2nd period - Wrist shot by Connor McDavid.
7:26 of 2nd period - Stopped by Michal Neuvirth without a rebound.
7:27 of 2nd period - Connor McDavid wins face-off versus Erik Haula in Jets zone.
7:56 of 2nd period - Robert Hagg is hit by Ryan O'Reilly and loses puck.
8:01 of 2nd period - Slapshot by Rasmus Ristolainen.
8:01 of 2nd period - Deflect By Marco Scandella.
8:01 of 2nd period - Stopped by Michal Neuvirth with a rebound.
9:19 of 2nd period - Jean-Gabriel Pageau is hit by Darnell Nurse.
9:22 of 2nd period - Penalty to Ronalds Kenins is over, Ronalds Kenins is back on ice.
9:49 of 2nd period - Kasperi Kapanen is hit by Corey Perry and loses puck.
11:06 of 2nd period - Shea Weber is hit by Tyler Myers.
11:30 of 2nd period - Noel Acciari is hit by Taylor Hall and loses puck.
12:33 of 2nd period - Jean-Gabriel Pageau is hit by Connor McDavid and loses puck.
12:59 of 2nd period - Robert Hagg is hit by Brock McGinn and loses puck.
13:10 of 2nd period - Alexander Radulov is hit by Leon Draisaitl and loses puck.
13:29 of 2nd period - Slapshot by Adam Larsson.
13:29 of 2nd period - Stopped by Michal Neuvirth with a rebound.
13:35 of 2nd period - Snap shot by Kasperi Kapanen.
13:35 of 2nd period - Stopped by Michal Neuvirth with a rebound.
13:37 of 2nd period - Backhand shot by Anton Slepyshev.
13:37 of 2nd period - Stopped by Michal Neuvirth without a rebound.
13:38 of 2nd period - Connor McDavid wins face-off versus Erik Haula in Jets zone.
14:04 of 2nd period - Icing by Connor McDavid.
14:05 of 2nd period - Connor McDavid wins face-off versus Jean-Gabriel Pageau in Oilers zone.
14:12 of 2nd period - Snap shot by Ryan O'Reilly.
14:12 of 2nd period - Deflect By Benoit Pouliot.
14:12 of 2nd period - Shot Misses the Net.
14:12 of 2nd period - Puck is out of play.
14:13 of 2nd period - Ryan O'Reilly wins face-off versus Ryan Johansen in Jets zone.
14:16 of 2nd period - Slapshot by Benoit Pouliot.
14:16 of 2nd period - Stopped by Michal Neuvirth with a rebound.
15:43 of 2nd period - Tyler Myers is hit by Adam Larsson and loses puck.
16:09 of 2nd period - Slapshot by Corey Perry.
16:09 of 2nd period - Shot Blocked by Oscar Klefbom.
16:24 of 2nd period - Jake McCabe is hit by Nail Yakupov and loses puck.
16:27 of 2nd period - Slapshot by Marco Scandella.
16:27 of 2nd period - Shot Misses the Net.
16:29 of 2nd period - Snap shot by Noel Acciari.
16:29 of 2nd period - Stopped by James Reimer without a rebound.
16:30 of 2nd period - Erik Haula wins face-off versus Connor McDavid in Oilers zone.
16:31 of 2nd period - Snap shot by Alexander Radulov.
16:31 of 2nd period - Shot Blocked by Jordan Eberle.
17:06 of 2nd period - Snap shot by Yanni Gourde.
17:06 of 2nd period - Stopped by Michal Neuvirth without a rebound.
17:07 of 2nd period - Ryan Johansen wins face-off versus Connor McDavid in Jets zone.
17:19 of 2nd period - Icing by Taylor Hall.
17:20 of 2nd period - Jordan Eberle wins face-off versus Ryan Johansen in Oilers zone.
17:44 of 2nd period - Snap shot by Connor McDavid.
17:44 of 2nd period - Shot Blocked by Tyler Myers.
17:46 of 2nd period - Snap shot by Jordan Eberle.
17:46 of 2nd period - Shot Blocked by Jean-Gabriel Pageau.
17:50 of 2nd period - Snap shot by Connor McDavid.
17:50 of 2nd period - Shot Misses the Net.
17:52 of 2nd period - Snap shot by Connor McDavid.
17:52 of 2nd period - Stopped by Michal Neuvirth without a rebound.
17:53 of 2nd period - Brock McGinn wins face-off versus Ryan Johansen in Jets zone.
18:22 of 2nd period - Snap shot by Corey Perry.
18:22 of 2nd period - Deflect By Marcus Johansson.
18:22 of 2nd period - Stopped by James Reimer without a rebound.
18:23 of 2nd period - Jean-Gabriel Pageau wins face-off versus Yanni Gourde in Oilers zone.
18:30 of 2nd period - Snap shot by Leon Draisaitl.
18:30 of 2nd period - Stopped by Michal Neuvirth without a rebound.
18:31 of 2nd period - Ryan Johansen wins face-off versus Connor McDavid in Jets zone.
18:36 of 2nd period - Slapshot by Dougie Hamilton.
18:36 of 2nd period - Stopped by James Reimer with a rebound.
18:44 of 2nd period - Connor McDavid is hit by Ryan Johansen and loses puck.
19:30 of 2nd period - Backhand shot by Erik Haula.
19:30 of 2nd period - Shot Misses the Net.
19:39 of 2nd period - Off-side.
19:40 of 2nd period - Frederik Gauthier wins face-off versus Noel Acciari in neutral zone.
19:48 of 2nd period - Snap shot by Anton Slepyshev.
19:48 of 2nd period - Deflect By Kasperi Kapanen.
19:48 of 2nd period - Stopped by Michal Neuvirth without a rebound.
19:49 of 2nd period - Ryan Johansen wins face-off versus Connor McDavid in Jets zone.
Goals for this period are 0 for Oilers vs 0 for Jets.
Shots for this period are 13 for Oilers vs 6 for Jets.

3rd period


0:01 of 3rd period - Nino Niederreiter wins face-off versus Connor McDavid in neutral zone.
0:06 of 3rd period - Slapshot by Jake McCabe.
0:06 of 3rd period - Stopped by James Reimer without a rebound.
0:07 of 3rd period - Connor McDavid wins face-off versus Nino Niederreiter in Oilers zone.
0:59 of 3rd period - Minor Penalty to Taylor Hall for Holding.
1:00 of 3rd period - Erik Haula wins face-off versus Connor McDavid in Oilers zone.
1:14 of 3rd period - Ryan O'Reilly is hit by Dougie Hamilton.
1:53 of 3rd period - Erik Haula is hit by Rasmus Ristolainen and loses puck.
2:50 of 3rd period - Adam Larsson is hit by Adam Henrique and loses puck.
2:59 of 3rd period - Penalty to Taylor Hall is over, Taylor Hall is back on ice.
3:05 of 3rd period - Leon Draisaitl is hit by Marco Scandella and loses puck.
3:20 of 3rd period - Snap shot by Leon Draisaitl.
3:20 of 3rd period - Stopped by Michal Neuvirth without a rebound.
3:21 of 3rd period - Jordan Martinook wins face-off versus Leon Draisaitl in Jets zone.
3:21 of 3rd period - Jordan Martinook is hit by Jordan Eberle.
3:39 of 3rd period - Minor Penalty to Taylor Hall for Hooking.
3:40 of 3rd period - Connor McDavid wins face-off versus Ryan Johansen in Oilers zone.
4:14 of 3rd period - Slapshot by Dougie Hamilton.
4:14 of 3rd period - Shot Blocked by Rasmus Ristolainen.
5:39 of 3rd period - Penalty to Taylor Hall is over, Taylor Hall is back on ice.
6:06 of 3rd period - Erik Haula is hit by Shea Weber.
7:22 of 3rd period - Brock McGinn is hit by Jean-Gabriel Pageau and loses puck.
7:26 of 3rd period - Icing by Darnell Nurse.
7:27 of 3rd period - Jean-Gabriel Pageau wins face-off versus Ryan O'Reilly in Oilers zone.
7:30 of 3rd period - Wrist shot by Jean-Gabriel Pageau.
7:30 of 3rd period - Stopped by James Reimer with a rebound.
7:32 of 3rd period - Snap shot by Jake McCabe.
7:32 of 3rd period - Shot Misses the Net.
7:34 of 3rd period - Snap shot by Corey Perry.
7:34 of 3rd period - Goal by Corey Perry - Oilers : 3 - Jets : 1.
7:35 of 3rd period - Connor McDavid wins face-off versus Ryan Johansen in neutral zone.
7:59 of 3rd period - Icing by Dougie Hamilton.
8:00 of 3rd period - Ryan Johansen wins face-off versus Ryan O'Reilly in Jets zone.
8:05 of 3rd period - Brock McGinn is hit by Corey Perry.
8:23 of 3rd period - Minor Penalty to Brock McGinn for Tripping.
8:24 of 3rd period - Connor McDavid wins face-off versus Ryan Johansen in Oilers zone.
8:35 of 3rd period - Snap shot by Adam Henrique.
8:35 of 3rd period - Goal by Adam Henrique - Oilers : 3 - Jets : 2.
8:36 of 3rd period - Adam Henrique wins face-off versus Connor McDavid in neutral zone.
8:41 of 3rd period - Connor McDavid is hit by Nino Niederreiter and loses puck.
9:02 of 3rd period - Benoit Pouliot is hit by Corey Perry and loses puck.
9:09 of 3rd period - Wrist shot by Jean-Gabriel Pageau.
9:09 of 3rd period - Stopped by James Reimer without a rebound.
9:10 of 3rd period - Jean-Gabriel Pageau wins face-off versus Connor McDavid in Oilers zone.
9:13 of 3rd period - Snap shot by Corey Perry.
9:13 of 3rd period - Shot Misses the Net.
10:21 of 3rd period - Anton Slepyshev is hit by Dougie Hamilton and loses puck.
10:40 of 3rd period - Snap shot by Nikolaj Ehlers.
10:40 of 3rd period - Goal by Nikolaj Ehlers - Oilers : 3 - Jets : 3.
10:41 of 3rd period - Adam Henrique wins face-off versus Connor McDavid in neutral zone.
10:57 of 3rd period - Backhand shot by Ryan Johansen.
10:57 of 3rd period - Stopped by James Reimer with a rebound.
11:08 of 3rd period - Off-side.
11:09 of 3rd period - Corey Perry wins face-off versus Benoit Pouliot in neutral zone.
11:40 of 3rd period - Ryan Johansen is hit by Connor McDavid and loses puck.
11:57 of 3rd period - Marco Scandella is hit by Leon Draisaitl and loses puck.
12:18 of 3rd period - Marco Scandella is hit by Anton Slepyshev and loses puck.
12:25 of 3rd period - Slapshot by Anton Slepyshev.
12:25 of 3rd period - Stopped by Michal Neuvirth without a rebound.
12:26 of 3rd period - Connor McDavid wins face-off versus Ryan Johansen in Jets zone.
12:45 of 3rd period - Tyler Myers is hit by Taylor Hall and loses puck.
13:00 of 3rd period - Icing by Tyler Myers.
13:01 of 3rd period - Ryan O'Reilly wins face-off versus Ryan Johansen in Jets zone.
13:02 of 3rd period - Slapshot by Benoit Pouliot.
13:02 of 3rd period - Goal by Benoit Pouliot - Oilers : 4 - Jets : 3.
13:03 of 3rd period - Connor McDavid wins face-off versus Ryan Johansen in neutral zone.
13:08 of 3rd period - Tyler Myers is hit by Taylor Hall and loses puck.
13:13 of 3rd period - Snap shot by Jordan Eberle.
13:13 of 3rd period - Shot Misses the Net.
13:15 of 3rd period - Snap shot by Jordan Eberle.
13:15 of 3rd period - Shot Misses the Net.
13:17 of 3rd period - Slapshot by Darnell Nurse.
13:17 of 3rd period - Goal by Darnell Nurse - Oilers : 5 - Jets : 3.
13:18 of 3rd period - Connor McDavid wins face-off versus Ryan Johansen in neutral zone.
13:25 of 3rd period - Snap shot by Connor McDavid.
13:25 of 3rd period - Goal by Connor McDavid - Oilers : 6 - Jets : 3.
13:26 of 3rd period - Connor McDavid wins face-off versus Ryan Johansen in neutral zone.
13:29 of 3rd period - Snap shot by Rasmus Ristolainen.
13:29 of 3rd period - Shot Blocked by Jake McCabe.
13:39 of 3rd period - Wrist shot by Taylor Hall.
13:39 of 3rd period - Stopped by Michal Neuvirth with a rebound.
13:41 of 3rd period - Snap shot by Connor McDavid.
13:41 of 3rd period - Stopped by Michal Neuvirth without a rebound.
13:42 of 3rd period - Jean-Gabriel Pageau wins face-off versus Ryan O'Reilly in Jets zone.
14:09 of 3rd period - Taylor Hall is hit by Ryan Johansen and loses puck.
14:22 of 3rd period - Jordan Eberle is hit by Ryan Johansen and loses puck.
15:20 of 3rd period - Snap shot by Rasmus Ristolainen.
15:20 of 3rd period - Shot Misses the Net.
15:22 of 3rd period - Slapshot by Darnell Nurse.
15:22 of 3rd period - Deflect By Marco Scandella.
15:22 of 3rd period - Stopped by Michal Neuvirth with a rebound.
15:24 of 3rd period - Wrist shot by Brock McGinn.
15:24 of 3rd period - Goal by Brock McGinn - Oilers : 7 - Jets : 3.
15:25 of 3rd period - Ryan Johansen wins face-off versus Connor McDavid in neutral zone.
15:30 of 3rd period - Slapshot by Dougie Hamilton.
15:30 of 3rd period - Shot Blocked by Rasmus Ristolainen.
15:32 of 3rd period - Slapshot by Tyler Myers.
15:32 of 3rd period - Shot Misses the Net.
15:34 of 3rd period - Snap shot by Tyler Myers.
15:34 of 3rd period - Shot Blocked by Darnell Nurse.
15:36 of 3rd period - Snap shot by Ryan Johansen.
15:36 of 3rd period - Shot Misses the Net.
15:38 of 3rd period - Snap shot by Tyler Myers.
15:38 of 3rd period - Shot Misses the Net.
16:26 of 3rd period - Slapshot by Shea Weber.
16:26 of 3rd period - Shot Blocked by Noel Acciari.
16:40 of 3rd period - Adam Larsson is hit by Nino Niederreiter and loses puck.
16:44 of 3rd period - Minor Penalty to Yanni Gourde for Tripping.
16:45 of 3rd period - Ryan Johansen wins face-off versus Connor McDavid in Oilers zone.
17:00 of 3rd period - Darnell Nurse is hit by Nino Niederreiter and loses puck.
17:30 of 3rd period - Snap shot by Nino Niederreiter.
17:30 of 3rd period - Shot Misses the Net.
17:32 of 3rd period - Wrist shot by Adam Henrique.
17:32 of 3rd period - Stopped by James Reimer without a rebound.
17:33 of 3rd period - Ryan Johansen wins face-off versus Ryan O'Reilly in Oilers zone.
17:38 of 3rd period - Snap shot by Nino Niederreiter.
17:38 of 3rd period - Shot Misses the Net.
17:40 of 3rd period - Snap shot by Adam Henrique.
17:40 of 3rd period - Shot Misses the Net.
17:42 of 3rd period - Snap shot by Ryan Johansen.
17:42 of 3rd period - Goal by Ryan Johansen - Oilers : 7 - Jets : 4.
17:43 of 3rd period - Ryan Johansen wins face-off versus Connor McDavid in neutral zone.
18:14 of 3rd period - Wrist shot by Yanni Gourde.
18:14 of 3rd period - Shot Misses the Net.
18:16 of 3rd period - Wrist shot by Nail Yakupov.
18:16 of 3rd period - Deflect By Tyler Myers.
18:16 of 3rd period - Stopped by Michal Neuvirth with a rebound.
18:37 of 3rd period - Snap shot by Ryan O'Reilly.
18:37 of 3rd period - Stopped by Michal Neuvirth with a rebound.
19:29 of 3rd period - Snap shot by Erik Haula.
19:29 of 3rd period - Shot Misses the Net.
19:31 of 3rd period - Slapshot by Michael Matheson.
19:31 of 3rd period - Shot Blocked by Yanni Gourde.
19:33 of 3rd period - Snap shot by Robert Hagg.
19:33 of 3rd period - Stopped by James Reimer without a rebound.
19:34 of 3rd period - Connor McDavid wins face-off versus Jean-Gabriel Pageau in Oilers zone.
Goals for this period are 4 for Oilers vs 4 for Jets.
Shots for this period are 11 for Oilers vs 10 for Jets.